APP
PULASKI YANKEES @ DETROIT (APP) TIGERS
08/22/2045
 
TOP OF THE 1ST
Pulaski Yankees batting - Pitching for Detroit (APP) Tigers : RHP Jorge Castaneda
Pitching: RHP Jorge Castaneda
Batting: SHB David Stewart 0-0: Ball
1-0: Foul Ball, location: 2F
1-1: Ground out 4-3 (Groundball, 4, EV 80.6 MPH)
Batting: RHB Sam Hubbert 0-0: Foul Ball, location: 2F
0-1: Ball
1-1: Ball
2-1: Ball
3-1: Foul Ball, location: 2F
3-2: Ground out U3 (Groundball, 13, EV 78.8 MPH)
Batting: RHB Jose Tovar 0-0: Called Strike
0-1: Ball
1-1: Ball
2-1: Called Strike
2-2: Ball
3-2: Foul Ball, location: 2F
3-2: SINGLE (Line Drive, 56D, EV 108.1 MPH)
Batting: RHB Nazeeh Zubair 0-0: Called Strike
0-1: Ball
1-1: Ball
2-1: SINGLE (Groundball, 6MD, EV 101.2 MPH)
Jose Tovar to second
Runner from 2nd tries for 3rd, OUT! 8-5
Top of the 1st over - 0 runs, 2 hits, 0 errors, 1 left on base; Pulaski 0 - Detroit (APP) 0
BOTTOM OF THE 1ST
Detroit (APP) Tigers batting - Pitching for Pulaski Yankees : RHP Frank Medrano
Pitching: RHP Frank Medrano
Batting: RHB Adam MacConnell 0-0: Ball
1-0: Ball
2-0: Ball
3-0: Called Strike
3-1: Swinging Strike
3-2: Base on Balls
Batting: RHB Tony Soto 0-0: Called Strike
0-1: SINGLE (Groundball, 56D, EV 105.6 MPH)
Adam MacConnell to second
Batting: LHB Bill Ford 0-0: Ball
Passed Ball!
Adam MacConnell to third
Tony Soto to second
1-0: Ball
2-0: Ball
3-0: Called Strike
3-1: Base on Balls
Batting: LHB George Moran 0-0: Ball
1-0: Reached on error, E4 (Groundball, 4, EV 96.2 MPH)
Adam MacConnell scores
Tony Soto to third
Bill Ford to second
Batting: RHB Jon Goldstein 0-0: Ball
1-0: Fly out, F8 (Flyball, 8LD, EV 88.8 MPH)
Runner from 3rd tags up, OUT at HOME! 8-2
Bill Ford to third
George Moran to second
Batting: RHB Keith Hoffman 0-0: DOUBLE (Line Drive, 8LXD, EV 108.1 MPH)
Bill Ford scores
George Moran scores
Batting: LHB Jon Pedlar 0-0: Ball
1-0: Called Strike
1-1: Called Strike
1-2: Foul Ball, location: 2F
1-2: Ground out 4-3 (Groundball, 34, EV 98.1 MPH)
Bottom of the 1st over - 3 runs, 2 hits, 1 error, 1 left on base; Pulaski 0 - Detroit (APP) 3
TOP OF THE 2ND
Pulaski Yankees batting - Pitching for Detroit (APP) Tigers : RHP Jorge Castaneda
Batting: RHB Francisco Aguayo 0-0: Ball
1-0: Ball
2-0: Called Strike
2-1: Foul Ball, location: 2F
2-2: SINGLE (Line Drive, 4M, EV 100.0 MPH)
Batting: RHB Ben Jennings 0-0: Swinging Strike
0-1: Ball
1-1: SINGLE (Groundball, 56D, EV 104.4 MPH)
Francisco Aguayo to second
Batting: RHB Matt Bindel 0-0: Called Strike
0-1: Called Strike
0-2: Strikes out looking
Batting: SHB Houston Phillips 0-0: Ball
1-0: Ball
2-0: Foul Ball, location: 2F
2-1: Ball
3-1: Called Strike
3-2: Strikes out swinging
Batting: SHB Bret Davies 0-0: Ball
1-0: Ball
2-0: Swinging Strike
2-1: Foul Ball, location: 2F
2-2: Ball
3-2: Fly out, F4 (Line Drive, 4, EV 69.4 MPH)
Top of the 2nd over - 0 runs, 2 hits, 0 errors, 2 left on base; Pulaski 0 - Detroit (APP) 3
BOTTOM OF THE 2ND
Detroit (APP) Tigers batting - Pitching for Pulaski Yankees : RHP Frank Medrano
Pitching: LHP Matt Cusatis
Batting: RHB Jamie Villagrana 0-0: Ball
1-0: Foul Ball, location: 2F
1-1: Ball
2-1: Ball
3-1: Base on Balls
Batting: RHB Mike Patterson 0-0: Ball
1-0: Ball
Jamie Villagrana steals 2nd base
2-0: Called Strike
2-1: Ball
3-1: SINGLE (Line Drive, 7S, EV 114.4 MPH)
Jamie Villagrana to third
Batting: RHB Adam MacConnell 0-0: Grounds into double play, 4-6-3 (Groundball, 4, EV 110.0 MPH)
Jamie Villagrana scores
Batting: RHB Tony Soto 0-0: Called Strike
0-1: Foul Ball, location: 2F
0-2: Foul Ball, location: 2F
0-2: Ball
1-2: Foul Ball, location: 2F
1-2: Ball
2-2: SINGLE (Groundball, 56D, EV 103.8 MPH)
Pitching: RHP Manny de la Cruz
Batting: LHB Bill Ford 0-0: Ball
1-0: Swinging Strike
1-1: Ball
2-1: Ball
3-1: Base on Balls
Tony Soto to second
Batting: LHB George Moran 0-0: Ball
1-0: Ball
2-0: Called Strike
2-1: Ball
3-1: Foul Ball, location: 2F
3-2: Base on Balls
Tony Soto to third
Bill Ford to second
Batting: RHB Jon Goldstein 0-0: Ball
1-0: Ball
2-0: Ball
3-0: Base on Balls
Tony Soto scores
Bill Ford to third
George Moran to second
Batting: RHB Keith Hoffman 0-0: Ball
1-0: Foul Ball, location: 2F
1-1: Ball
2-1: Ball
3-1: Fly out, F7 (Flyball, 7, EV 82.5 MPH)
Bottom of the 2nd over - 2 runs, 2 hits, 0 errors, 3 left on base; Pulaski 0 - Detroit (APP) 5
TOP OF THE 3RD
Pulaski Yankees batting - Pitching for Detroit (APP) Tigers : RHP Jorge Castaneda
Batting: SHB David Stewart 0-0: Ball
1-0: Ball
2-0: Ball
3-0: Base on Balls
Batting: RHB Sam Hubbert 0-0: Called Strike
0-1: Called Strike
0-2: SINGLE (Flyball, 78S, EV 93.1 MPH)
David Stewart to second
Batting: RHB Jose Tovar 0-0: Ball
1-0: Ball
2-0: Foul Ball, location: 2F
2-1: Fly out, F8 (Flyball, 8RD, EV 101.2 MPH)
Batting: RHB Nazeeh Zubair 0-0: Ball
1-0: Called Strike
1-1: SINGLE (Line Drive, 34D, EV 96.9 MPH)
David Stewart to third
Sam Hubbert to second
Batting: RHB Francisco Aguayo 0-0: Ball
1-0: Ball
2-0: Ball
3-0: Base on Balls
David Stewart scores
Sam Hubbert to third
Nazeeh Zubair to second
Batting: RHB Ben Jennings 0-0: Foul Ball, location: 2F
0-1: Foul Ball, location: 2F
0-2: Foul Ball, location: 2F
0-2: Strikes out swinging
Batting: RHB Matt Bindel 0-0: Called Strike
0-1: Called Strike
0-2: Strikes out looking
Top of the 3rd over - 1 run, 2 hits, 0 errors, 3 left on base; Pulaski 1 - Detroit (APP) 5
BOTTOM OF THE 3RD
Detroit (APP) Tigers batting - Pitching for Pulaski Yankees : RHP Manny de la Cruz
Pitching: RHP Ben Cunningham
Batting: LHB Jon Pedlar 0-0: DOUBLE (Line Drive, 9LD, EV 105.6 MPH)
Batting: RHB Jamie Villagrana 0-0: Foul Ball, location: 2F
0-1: SINGLE (Line Drive, 9S, EV 103.8 MPH)
Jon Pedlar to third
Batting: RHB Mike Patterson 0-0: Called Strike
Jamie Villagrana steals 2nd, throwing error, E2
Jon Pedlar scores
Jamie Villagrana to third
0-1: Ball
1-1: Swinging Strike
1-2: Ball
2-2: Ball
3-2: Ground out 5-3 (Groundball, 5, EV 86.9 MPH)
Batting: RHB Adam MacConnell 0-0: 2-RUN HOME RUN (Flyball, 7D, EV 95.6 MPH), Distance : 377 ft
Batting: RHB Tony Soto 0-0: Called Strike
0-1: DOUBLE (Groundball, 5L, EV 102.5 MPH)
Batting: LHB Bill Ford 0-0: Ball
1-0: DOUBLE (Line Drive, 9LD, EV 108.1 MPH)
Tony Soto scores
Pitching: RHP Jon Campbell
Batting: LHB George Moran 0-0: Ball
1-0: Called Strike
1-1: Called Strike
1-2: Ball
2-2: Ball
3-2: Base on Balls
Batting: RHB Jon Goldstein 0-0: Foul Ball, location: 2F
0-1: Ball
Passed Ball!
Bill Ford to third
George Moran to second
1-1: Ball
2-1: Foul Ball, location: 2F
2-2: Foul Ball, location: 2F
2-2: Ball
3-2: Foul Ball, location: 2F
3-2: Foul Ball, location: 2F
3-2: Foul Ball, location: 2F
3-2: Foul Ball, location: 2F
3-2: Base on Balls
Batting: RHB Keith Hoffman 0-0: SINGLE (Line Drive, 56, EV 98.8 MPH)
Bill Ford scores
George Moran to third
Jon Goldstein to second
Pitching: RHP Alex Roman
Batting: LHB Jon Pedlar 0-0: Called Strike
0-1: Ball
1-1: Ball
2-1: Called Strike
2-2: Ball
3-2: Strikes out looking
Batting: RHB Jamie Villagrana 0-0: Foul Ball, location: 2F
0-1: Swinging Strike
0-2: Ball
1-2: Foul Ball, location: 2F
1-2: Foul Ball, location: 2F
1-2: SINGLE (Flyball, 3D, EV 88.1 MPH)
George Moran scores
Jon Goldstein to third
Keith Hoffman to second
Runner from 3rd tries for Home, SAFE, throw by RF to home
Batting: RHB Mike Patterson 0-0: Ground out 6-3 (Groundball, 6M, EV 109.4 MPH)
Bottom of the 3rd over - 7 runs, 7 hits, 1 error, 2 left on base; Pulaski 1 - Detroit (APP) 12
TOP OF THE 4TH
Pulaski Yankees batting - Pitching for Detroit (APP) Tigers : RHP Jorge Castaneda
Batting: SHB Houston Phillips 0-0: Called Strike
0-1: Ball
1-1: Called Strike
1-2: SINGLE (Line Drive, 78S, EV 105.6 MPH)
Batting: SHB Bret Davies 0-0: Sac Bunt to 3S - play at first, batter OUT! 3-1
Houston Phillips to second
Batting: SHB David Stewart 0-0: SINGLE (Groundball, 6M, EV 99.4 MPH)
Houston Phillips to third
Batting: RHB Sam Hubbert 0-0: Fielders Choice at 2nd, 2-6 (Groundball, 13S, EV 68.8 MPH)
Now at 1B: Keith Hoffman
Now at SS: Adam MacConnell
Now in LF: Billy Verdusco
Batting: RHB Jose Tovar 0-0: Ball
1-0: Foul Ball, location: 2F
1-1: Swinging Strike
1-2: Strikes out looking
Top of the 4th over - 0 runs, 2 hits, 0 errors, 2 left on base; Pulaski 1 - Detroit (APP) 12
BOTTOM OF THE 4TH
Detroit (APP) Tigers batting - Pitching for Pulaski Yankees : RHP Alex Roman
Batting: RHB Adam MacConnell 0-0: Ball
1-0: Foul Ball, location: 2F
1-1: SOLO HOME RUN (Flyball, 9D, EV 98.1 MPH), Distance : 372 ft
Batting: RHB Tony Soto 0-0: Foul Ball, location: 2F
0-1: SOLO HOME RUN (Flyball, 78XD, EV 96.9 MPH), Distance : 395 ft
Pitching: RHP Eric Patrick
Batting: LHB Bill Ford 0-0: Ball
1-0: Ball
2-0: Ball
3-0: Base on Balls
Batting: LHB George Moran 0-0: Ball
1-0: Swinging Strike
1-1: Ball
2-1: Ball
3-1: Called Strike
3-2: DOUBLE (Line Drive, 7LM, EV 101.2 MPH)
Bill Ford to third
Bill Ford scores
Batting: RHB Jon Goldstein 0-0: Ball
1-0: Ball
2-0: Foul Ball, location: 2F
2-1: 2-RUN HOME RUN (Line Drive, 78XD, EV 109.4 MPH), Distance : 414 ft
Batting: RHB Keith Hoffman 0-0: Foul Ball, location: 2F
0-1: SOLO HOME RUN (Flyball, 89XD, EV 97.5 MPH), Distance : 390 ft
Pitching: LHP Alex Ramirez
Batting: LHB Jon Pedlar 0-0: Ball
1-0: Foul Ball, location: 2F
1-1: DOUBLE (Line Drive, 3D, EV 96.9 MPH)
Batting: RHB Billy Verdusco 0-0: Called Strike
0-1: Swinging Strike
0-2: SINGLE (Groundball, 4M, EV 105.0 MPH) (infield hit)
Jon Pedlar to third
Batting: RHB Mike Patterson 0-0: Ball
1-0: Called Strike
1-1: Reached on error, E4 (Groundball, 4, EV 95.6 MPH)
Jon Pedlar scores
Billy Verdusco to second
Batting: RHB Adam MacConnell 0-0: Ball
1-0: Ball
2-0: Ball
3-0: Called Strike
3-1: Base on Balls
Billy Verdusco to third
Mike Patterson to second
Batting: RHB Tony Soto 0-0: Called Strike
0-1: Ball
1-1: Ball
2-1: Ball
3-1: Base on Balls
Billy Verdusco scores
Mike Patterson to third
Adam MacConnell to second
Batting: LHB Bill Ford 0-0: Ball
1-0: Ball
2-0: Fielders Choice at 2nd, 3-6 (Groundball, 3, EV 93.1 MPH)
Mike Patterson scores
Adam MacConnell to third
Pitching: LHP Sergio Huerta
Batting: LHB George Moran 0-0: Foul Ball, location: 2F
0-1: Called Strike
0-2: Ball
1-2: Strikes out swinging
Batting: RHB Jon Goldstein 0-0: Foul Ball, location: 2F
0-1: Ball
1-1: Ball
2-1: Called Strike
2-2: Strikes out looking
Bottom of the 4th over - 9 runs, 7 hits, 1 error, 2 left on base; Pulaski 1 - Detroit (APP) 21
TOP OF THE 5TH
Pulaski Yankees batting - Pitching for Detroit (APP) Tigers : RHP Jorge Castaneda
Batting: RHB Nazeeh Zubair 0-0: Ball
1-0: Swinging Strike
1-1: Called Strike
1-2: Ball
2-2: Foul Ball, location: 2F
2-2: Ball
3-2: Strikes out swinging
Batting: RHB Francisco Aguayo 0-0: Called Strike
0-1: Ball
1-1: Ball
2-1: Ball
3-1: Ground out 4-3 (Groundball, 4M, EV 85.0 MPH)
Batting: RHB Ben Jennings 0-0: Ball
1-0: Foul Ball, location: 2F
1-1: Swinging Strike
1-2: Ball
2-2: Foul Ball, location: 2F
2-2: Ball
3-2: Base on Balls
Batting: RHB Matt Bindel 0-0: Called Strike
Ben Jennings steals 2nd, throwing error, E2
Ben Jennings to third
0-1: Called Strike
0-2: Ball
1-2: Ball
2-2: Ball
3-2: Foul Ball, location: 2F
3-2: Foul Ball, location: 2F
3-2: Fly out, F6 (Popup, 6MS, EV 77.5 MPH)
Top of the 5th over - 0 runs, 0 hits, 1 error, 1 left on base; Pulaski 1 - Detroit (APP) 21
BOTTOM OF THE 5TH
Detroit (APP) Tigers batting - Pitching for Pulaski Yankees : LHP Sergio Huerta
Batting: RHB Keith Hoffman 0-0: Fly out, F9 (Flyball, 9LD, EV 93.8 MPH)
Batting: LHB Jon Pedlar 0-0: Ball
1-0: Ball
2-0: Ball
3-0: Foul Ball, location: 2F
3-1: Base on Balls
Batting: RHB Billy Verdusco 0-0: Ball
1-0: Swinging Strike
1-1: SINGLE (Groundball, 56S, EV 64.4 MPH) (infield hit)
Jon Pedlar to second
Pitching: LHP Jessie Neal
Batting: RHB Mike Patterson 0-0: Ball
1-0: Foul Ball, location: 2F
1-1: Foul Ball, location: 2F
1-2: Ball
2-2: 3-RUN HOME RUN (Flyball, 7D, EV 94.4 MPH), Distance : 361 ft
Batting: RHB Adam MacConnell 0-0: Ball
1-0: Ball
2-0: Called Strike
2-1: Foul Ball, location: 2F
2-2: Ball
3-2: Base on Balls
Batting: RHB Tony Soto 0-0: Called Strike
0-1: Foul Ball, location: 2F
0-2: Ground out 3-1 (Groundball, 13, EV 77.5 MPH)
Adam MacConnell to second
Batting: LHB Bill Ford 0-0: Ball
1-0: Called Strike
1-1: Ball
2-1: Ball
3-1: SINGLE (Groundball, 4, EV 97.5 MPH)
Adam MacConnell to third
Runner from 3rd tries for Home, SAFE, throw by CF to home
Bill Ford to second
Batting: LHB George Moran 0-0: Ball
1-0: Called Strike
1-1: DOUBLE (Line Drive, 89M, EV 94.4 MPH)
Bill Ford scores
Batting: RHB Jon Goldstein 0-0: Called Strike
0-1: Ball
1-1: Ball
2-1: Foul Ball, location: 2F
2-2: Ball
3-2: Base on Balls
Batting: RHB Keith Hoffman 0-0: Called Strike
0-1: Swinging Strike
0-2: Ball
1-2: Fly out, F7 (Line Drive, 7, EV 99.4 MPH)
Bottom of the 5th over - 5 runs, 4 hits, 0 errors, 2 left on base; Pulaski 1 - Detroit (APP) 26
TOP OF THE 6TH
Pulaski Yankees batting - Pitching for Detroit (APP) Tigers : RHP Jorge Castaneda
Pitching: RHP Adam Fisher
Batting: SHB Houston Phillips 0-0: Ball
1-0: Swinging Strike
1-1: Ball
2-1: Swinging Strike
2-2: Strikes out swinging
Batting: SHB Bret Davies 0-0: Ball
1-0: Ball
2-0: Called Strike
2-1: Ball
3-1: Called Strike
3-2: Strikes out swinging
Batting: SHB David Stewart 0-0: Swinging Strike
0-1: Ball
1-1: Called Strike
1-2: Strikes out looking
Top of the 6th over - 0 runs, 0 hits, 0 errors, 0 left on base; Pulaski 1 - Detroit (APP) 26
BOTTOM OF THE 6TH
Detroit (APP) Tigers batting - Pitching for Pulaski Yankees : LHP Jessie Neal
Batting: LHB Jon Pedlar 0-0: Ball
1-0: Called Strike
1-1: Foul Ball, location: 2F
1-2: Strikes out looking
Batting: RHB Billy Verdusco 0-0: Ball
1-0: Ball
2-0: Ball
3-0: Called Strike
3-1: Foul Ball, location: 2F
3-2: Foul Ball, location: 2F
3-2: Base on Balls
Batting: RHB Mike Patterson 0-0: Ball
1-0: Called Strike
1-1: Foul Ball, location: 2F
1-2: Strikes out swinging
Batting: RHB Adam MacConnell 0-0: Ball
1-0: Called Strike
1-1: Ball
2-1: Ball
3-1: Base on Balls
Billy Verdusco to second
Batting: RHB Tony Soto 0-0: Called Strike
0-1: Ball
1-1: Ball
2-1: Swinging Strike
2-2: Strikes out swinging
Bottom of the 6th over - 0 runs, 0 hits, 0 errors, 2 left on base; Pulaski 1 - Detroit (APP) 26
TOP OF THE 7TH
Pulaski Yankees batting - Pitching for Detroit (APP) Tigers : RHP Adam Fisher
Batting: RHB Sam Hubbert 0-0: Called Strike
0-1: Foul Ball, location: 2F
0-2: Strikes out swinging
Batting: RHB Jose Tovar 0-0: Ball
1-0: Ball
2-0: Ball
3-0: Called Strike
3-1: SINGLE (Groundball, 4MD, EV 94.4 MPH)
Batting: RHB Nazeeh Zubair 0-0: Called Strike
0-1: Called Strike
0-2: Foul Ball, location: 2F
0-2: Ball
1-2: SINGLE (Groundball, 6MD, EV 105.0 MPH)
Jose Tovar to second
Batting: RHB Francisco Aguayo 0-0: Ball
1-0: Ball
2-0: Ball
3-0: Base on Balls
Jose Tovar to third
Nazeeh Zubair to second
Batting: RHB Ben Jennings 0-0: Ball
1-0: Foul Ball, location: 2F
1-1: Foul Ball, location: 2F
1-2: Ball
2-2: Strikes out swinging
Batting: RHB Matt Bindel 0-0: Called Strike
0-1: Swinging Strike
0-2: Ball
1-2: Ball
2-2: Foul Ball, location: 2F
2-2: Ball
3-2: Strikes out swinging
Top of the 7th over - 0 runs, 2 hits, 0 errors, 3 left on base; Pulaski 1 - Detroit (APP) 26
BOTTOM OF THE 7TH
Detroit (APP) Tigers batting - Pitching for Pulaski Yankees : LHP Jessie Neal
Batting: LHB Bill Ford 0-0: Ball
1-0: Foul Ball, location: 2F
1-1: Ball
2-1: Ball
3-1: Base on Balls
Batting: LHB George Moran 0-0: SINGLE (Flyball, 5D, EV 94.4 MPH)
Bill Ford to second
Batting: RHB Jon Goldstein 0-0: Ball
1-0: Ball
2-0: Ball
Passed Ball!
Bill Ford to third
George Moran to second
3-0: Called Strike
3-1: Base on Balls
Pinch Hitting: RHB Tommy McDonald 0-0: Reached on error, E6 (Groundball, 6M, EV 83.8 MPH)
Bill Ford scores
George Moran to third
Jon Goldstein to second
Batting: LHB Jon Pedlar 0-0: DOUBLE (Line Drive, 9LD, EV 105.6 MPH)
George Moran scores
Jon Goldstein scores
Tommy McDonald to third
Batting: RHB Billy Verdusco 0-0: Ball
1-0: Ground out 4-3 (Groundball, 4S, EV 65.6 MPH)
Tommy McDonald scores
Jon Pedlar to third
Batting: RHB Mike Patterson 0-0: Fly out, F8 (Flyball, 8RS, EV 89.4 MPH)
Batting: RHB Adam MacConnell 0-0: Ground out 4-3 (Groundball, 4, EV 95.0 MPH)
Bottom of the 7th over - 4 runs, 2 hits, 1 error, 1 left on base; Pulaski 1 - Detroit (APP) 30
TOP OF THE 8TH
Pulaski Yankees batting - Pitching for Detroit (APP) Tigers : RHP Adam Fisher
Now at 1B: Tommy McDonald
Batting: SHB Houston Phillips 0-0: Ball
1-0: Called Strike
1-1: Foul Ball, location: 2F
1-2: Strikes out swinging
Batting: SHB Bret Davies 0-0: Ball
1-0: Called Strike
1-1: Swinging Strike
1-2: Strikes out swinging
Batting: SHB David Stewart 0-0: Ball
1-0: Ball
2-0: Ball
3-0: Called Strike
3-1: Swinging Strike
3-2: Ground out 4-3 (Groundball, 4, EV 102.5 MPH)
Top of the 8th over - 0 runs, 0 hits, 0 errors, 0 left on base; Pulaski 1 - Detroit (APP) 30
BOTTOM OF THE 8TH
Detroit (APP) Tigers batting - Pitching for Pulaski Yankees : LHP Jessie Neal
Batting: RHB Tony Soto 0-0: Ball
1-0: SOLO HOME RUN (Flyball, 7LD, EV 93.1 MPH), Distance : 355 ft
Batting: LHB Bill Ford 0-0: Ground out 3-1 (Groundball, 34, EV 87.5 MPH)
Batting: LHB George Moran 0-0: Swinging Strike
0-1: Ball
1-1: Ball
2-1: Swinging Strike
2-2: Strikes out swinging
Batting: RHB Jon Goldstein 0-0: Called Strike
0-1: Ball
1-1: Ball
2-1: Ball
3-1: Foul Ball, location: 2F
3-2: Foul Ball, location: 2F
3-2: Base on Balls
Batting: RHB Tommy McDonald 0-0: Foul Ball, location: 2F
0-1: Ball
1-1: Fly out, F9 (Line Drive, 9, EV 106.2 MPH)
Bottom of the 8th over - 1 run, 1 hit, 0 errors, 1 left on base; Pulaski 1 - Detroit (APP) 31
TOP OF THE 9TH
Pulaski Yankees batting - Pitching for Detroit (APP) Tigers : RHP Adam Fisher
Pitching: RHP Alex Amparo
Batting: RHB Sam Hubbert 0-0: Called Strike
0-1: Foul Ball, location: 2F
0-2: Foul Ball, location: 2F
0-2: Foul Ball, location: 2F
0-2: Strikes out swinging
Batting: RHB Jose Tovar 0-0: Ball
1-0: Called Strike
1-1: Called Strike
1-2: Ball
2-2: Strikes out looking
Batting: RHB Nazeeh Zubair 0-0: Ball
1-0: SINGLE (Flyball, 5D, EV 93.1 MPH)
Batting: RHB Francisco Aguayo 0-0: Called Strike
0-1: Ball
1-1: SINGLE (Line Drive, 8LS, EV 100.6 MPH)
Nazeeh Zubair to second
Batting: RHB Ben Jennings 0-0: Called Strike
0-1: Called Strike
0-2: Ball
1-2: Ball
2-2: Ball
3-2: Fly out, F7 (Flyball, 7D, EV 98.8 MPH)
Top of the 9th over - 0 runs, 2 hits, 0 errors, 2 left on base; Pulaski 1 - Detroit (APP) 31
Wednesday, June 22nd , 2022 - OOTP Baseball 23.4 Build 64